 Dungeon Crawl Stone Soup version 0.31-a0-161-gb58dd9be76 (webtiles) character file.

Game seed: 4055854668062008568

30 mopl the Covered (level 3, -2/30 HPs)
             Began as a Barachi Fighter on June 12, 2023.
             Slain by a gnoll
             ... wielding a +0 halberd
              (8 damage)
             ... on level 2 of the Dungeon.
             The game lasted 00:00:48 (924 turns).

mopl the Covered (Barachi Fighter)                   Turns: 924, Time: 00:00:48

Health: -2/30      AC:  7    Str: 19    XL:     3   Next: 18%
Magic:  3/3        EV:  9    Int:  8    God:
Gold:   42         SH:  4    Dex: 11    Spells: 2/2 levels left

rFire   . . .        a - +0 long sword
rCold   + . .        c - +0 buckler
rNeg    . . .        b - +0 scale mail
rPois   .            (no helmet)
rElec   .            (no cloak)
rCorr   .            (no gloves)
SInv    .            (no boots)
Will    .....        (no amulet) Stlth
                     h - ring of protection from cold
HPRegen 0.25/turn    (no ring)
MPRegen 0.08/turn

%: no passive effects
@: slow
A: amphibious, slowness 1, strong legs 1, +LOS
a: Hop


You were on level 2 of the Dungeon.
You visited 1 branch of the dungeon, and saw 2 of its levels.

You collected 42 gold pieces.

Inventory:

Hand Weapons
 a - a +0 long sword (weapon)
Missiles
 g - 5 poisoned darts
Armour
 b - a +0 scale mail (worn)
 c - a +0 buckler (worn)
Jewellery
 h - a ring of protection from cold (left hand)
Scrolls
 i - a scroll of identify {unknown}
 j - a scroll of teleportation {unknown}
Potions
 d - a potion of might
 e - 2 potions of attraction {unknown}
 f - a potion of magic {unknown}


   Skills:
 + Level 3.9 Fighting
 * Level 3.3 Long Blades
 + Level 4.0 Armour
 + Level 1.1 Dodging
 - Level 3.2 Shields


You had 2 spell levels left.
You didn't know any spells.
Your spell library contained the following spells:

 Spells                   Type           Power      Damage    Failure   Level
 Sublimation of Blood     Necr           0%         N/A       94%         2
 Wereblood                Tmut           0%         N/A       94%         2
 Summon Hydra             Summ           0%         N/A       100%        7


Dungeon Overview and Level Annotations

Branches:
Dungeon (2/15)

Altars:


Innate Abilities, Weirdness & Mutations

You are amphibious.
You cover ground slowly.
You can hop short distances.
You have an extended range of vision and can be seen from far away.


Message History

A gnoll comes into view. It is wielding a +0 club.
The gnoll shouts!
A gnoll comes into view. It is wielding a +0 club.
The gnoll shouts!
You hear a shout!
The gnoll hits you but does no damage.
You hit the gnoll but do no damage. The gnoll hits you with a +0 club.
You closely miss the gnoll. The gnoll hits you with a +0 club.
A gnoll comes into view. It is wielding a +0 halberd.
You hit the gnoll.
The gnoll is heavily wounded.
A goblin comes into view. It is wielding a +0 club.
The gnoll closely misses you.
You barely miss the gnoll.
The gnoll is heavily wounded.
You block the gnoll's attack.
You hit the gnoll.
The gnoll is heavily wounded.
The gnoll barely misses you. The gnoll closely misses you.
You slash the gnoll!
You kill the gnoll!
Your Armour skill increases to level 4!
Your Dodging skill increases to level 1!
You have reached level 3!
Your experience leads to an increase in your attributes!
Increase (S)trength, (I)ntelligence, or (D)exterity?
You feel stronger. x2
You hit the gnoll but do no damage. The gnoll hits you with a +0 club.
You hit the gnoll but do no damage.
The gnoll hits you from afar with a +0 halberd.
The gnoll barely misses you. The gnoll hits you with a +0 club.
The gnoll hits you from afar with a +0 halberd.
You hit the gnoll.
The gnoll is moderately wounded.
The gnoll hits you from afar with a +0 halberd!
* * * LOW HITPOINT WARNING * * *
You block the gnoll's attack.
You barely miss the gnoll.
The gnoll is moderately wounded.
The gnoll hits you from afar with a +0 halberd!
You die...

###
...
#.#
#g#
#g#
#g#
#@#
#.#
#.#
#.#
#.#
#.#
#.#
#.#
#.#


You could see 2 gnolls and a goblin.

Vanquished Creatures
  A gnoll (D:2)
  A dart slug (D:1)
  3 endoplasms (D:1)
  A giant cockroach (D:1)
  2 goblins (D:1)
  2 hobgoblins (D:1)
  A quokka (D:1)
  2 bats (D:1)
  A frilled lizard (D:1)
  2 kobolds (D:1)
  A rat (D:1)
17 creatures vanquished.

Notes
Turn   | Place    | Note
-------+----------+-------------------------------------------
     0 | D:1      | mopl the Barachi Fighter began the quest for the Orb.
     0 | D:1      | Reached XP level 1. HP: 18/18 MP: 1/1
   136 | D:1      | Reached XP level 2. HP: 25/25 MP: 2/2
   435 | D:1      | Reached skill level 3 in Long Blades
   921 | D:2      | Reached skill level 4 in Armour
   921 | D:2      | Reached skill level 1 in Dodging
   921 | D:2      | Reached XP level 3. HP: 24/30 MP: 3/3
   924 | D:2      | Slain by a gnoll

Illustrated notes

Levels and vault maps discovered:
D:1:      heliophobic_arrival_glass_houses, layout_basic, minmay_misc_feat_room,
          hex_medium
D:2:      layout_basic, chequers_serial_rivers_marsh, uniq_sigmund

Skill      XL: |  1  2 |
---------------+-------+-----
Long Blades    | 3 |  3.3
Armour         | 4 |  4.0
Dodging        | 1 |  1.1
Fighting       | |  3.9
Shields        | |  3.2

Action                     || total
---------------------------++-------
  Melee: Long sword        ||    61
 Armour: Scale mail        ||    23
  Dodge: Dodged            ||    30
  Block: Buckler           ||    14

Table legend: (Time is in decaauts)
 A = Elapsed time spent in this place.
 B = Non-inter-level travel time spent in this place.
 C = Inter-level travel time spent in this place.
 D = Time resting spent in this place.
 E = Time spent auto-exploring this place.
 F = Levels seen in this place.
 G = Mean time per level.
                   A        B        C        D        E       F      G
               +--------+--------+--------+--------+--------+-----+--------+
         Total |   1107 |   1070 |     37 |      0 |    912 |   2 |  553.5 |
       Dungeon |   1107 |   1070 |     37 |      0 |    912 |   2 |  553.5 |
               +--------+--------+--------+--------+--------+-----+--------+

Top non-repeatable levels by time:
     D:1: 1030 daAuts
     D:2: 77 daAuts
